 Dungeon Crawl Stone Soup version 0.31-a0-339-gda1cbd555d (webtiles) character file.

Game seed: 13376029125596813604

14 BritishOli the Trooper (level 2, 24/24 HPs)
             Began as a Demonspawn Fighter on July 20, 2023.
             Was a Follower of Nemelex Xobeh.
             Got out of the dungeon alive.
             The game lasted 00:01:00 (436 turns).

BritishOli the Trooper (Demonspawn Fighter)          Turns: 436, Time: 00:01:00

Health: 24/24      AC:  6    Str: 16    XL:     2   Next: 27%
Magic:  2/2        EV:  8    Int:  9    God:    Nemelex Xobeh [*.....]
Gold:   9          SH:  5    Dex: 14    Spells: 1/1 levels left

rFire   . . .        a - +0 war axe
rCold   . . .        c - +0 buckler
rNeg    . . .        b - +0 scale mail
rPois   .            (no helmet)
rElec   .            (no cloak)
rCorr   .            (no gloves)
SInv    .            (no boots)
Will    .....        (no amulet)
Stlth   +            (no ring)
HPRegen 0.24/turn    (no ring)
MPRegen 0.08/turn

%: no passive effects
@: no status effects
A: thin skeletal structure 1
a: Renounce Religion, Draw Escape, Draw Destruction, Draw Summoning


You escaped.
You worshipped Nemelex Xobeh.
Nemelex Xobeh was aware of your devotion.
You visited 1 branch of the dungeon, and saw 1 of its levels.

You collected 9 gold pieces.

Inventory:

Hand Weapons
 a - a +0 war axe (weapon)
Armour
 b - a +0 scale mail (worn)
 c - a +0 buckler (worn)
 h - a +1 pair of gloves
Scrolls
 e - a scroll of teleportation {unknown}
 f - a scroll of blinking {unknown}
Potions
 d - a potion of might
 g - 2 potions of brilliance {unknown}


   Skills:
 + Level 3.1 Fighting
 + Level 2.0 Axes
 + Level 2.9 Armour
 + Level 2.9 Shields


You had one spell level left.
You didn't know any spells.
Your spell library contained the following spells:

 Spells                   Type           Power      Damage    Failure   Level
 Wereblood                Tmut           0%         N/A       96%         2
 Irradiate                Conj/Tmut      0%         3d11      100%        5


Dungeon Overview and Level Annotations

Branches:
Dungeon (1/15)

Altars:
Nemelex Xobeh


Innate Abilities, Weirdness & Mutations

You have a somewhat thin skeletal structure. (Dex +2, Stealth+)


Message History

You are frozen.
The endoplasm freezes you.
You are frozen.
You slash the endoplasm!
You kill the endoplasm!
You slash the goblin!
You kill the goblin!
Things that are here:
a +0 club; a goblin corpse
g - 2 fuming ruby potions No target in view!
You see here a +1 pair of gloves.
No target in view!
Found a club.
No target in view!
You open the door.
Found a faded altar of an unknown god.
There is an open door here.
You see here a +1 pair of gloves.
h - a +1 pair of gloves
There is an open door here.
There is a shaft here.
There is a faded altar of an unknown god here.
This altar belongs to (a) Okawaru, (b) Hepliaklqana or (c) Nemelex Xobeh, but you can't tell which.
Press the corresponding letter to learn more about a god, or press enter to convert or escape to cancel.
Nemelex Xobeh accepts your prayer! Nemelex Xobeh welcomes you!
You can now draw from decks of power.
Nemelex will now gift you decks of power as you gain piety.
Okay, then.
Okay, then.
There is a shaft here.
You see here 3 stones.
You open the door.
There is an open door here.
There is an open door here.
You see here a +0 club.
There is an open door here.
There is a staircase leading out of the dungeon here.
Are you sure you want to leave the Dungeon?
This will make you lose the game!
You have escaped!

.# ♣.....♣
.# ♣♣.♣♣♣.♣
##
♣♣..P♣♣.♣
♣♣♣....P♣.♣
♣....⌠.♣♣.♣
♣P♣P....♣.♣
♣P♣P♣P....♣
♣ ♣♣♣♣♣...♣
........@♣
♣♣♣♣♣♣♣♣♣♣


There were no monsters in sight!

Vanquished Creatures
  2 ball pythons (D:1)
  An endoplasm (D:1)
  2 kobolds (D:1)
  3 quokkas (D:1)
  A bat (D:1)
  3 goblins (D:1)
12 creatures vanquished.

Notes
Turn   | Place    | Note
-------+----------+-------------------------------------------
     0 | D:1      | BritishOli the Demonspawn Fighter began the quest for the
                  | Orb.
     0 | D:1      | Reached XP level 1. HP: 18/18 MP: 1/1
   196 | D:1      | Gained mutation: You have a somewhat thin skeletal
                  | structure. (Dex +2, Stealth+) [demonic ancestry]
   196 | D:1      | Reached XP level 2. HP: 24/24 MP: 2/2
   329 | D:1      | Found a faded altar of an unknown god.
   345 | D:1      | Prayed at the altar of an unknown god.
   345 | D:1      | Became a worshipper of Nemelex Xobeh the Trickster
   345 | D:1      | Reached * piety under Nemelex Xobeh
   436 | D:$      | Got out of the dungeon alive.

Illustrated notes

Levels and vault maps discovered:
D:1:      psy_arrival_fountain, layout_basic, serial_shops,
          nicolae_shop_tiny_waterfront, hellmonk_ecumenical_altar_leap_of_faith

Skill      XL: |  1 |
---------------+----+-----
Axes           | 2 |  2.0
Fighting       | |  3.1
Armour         | |  2.9
Shields        | |  2.9

Action                     || total
---------------------------++-------
  Melee: War axe           ||    43
 Armour: Scale mail        ||    23
  Dodge: Dodged            ||    24
  Block: Buckler           ||     7

Table legend: (Time is in decaauts)
 A = Elapsed time spent in this place.
 B = Non-inter-level travel time spent in this place.
 C = Inter-level travel time spent in this place.
 D = Time resting spent in this place.
 E = Time spent auto-exploring this place.
 F = Levels seen in this place.
 G = Mean time per level.
                   A        B        C        D        E       F      G
               +--------+--------+--------+--------+--------+-----+--------+
         Total |    455 |    367 |     88 |      0 |    253 |   1 |  455.0 |
       Dungeon |    455 |    367 |     88 |      0 |    253 |   1 |  455.0 |
               +--------+--------+--------+--------+--------+-----+--------+

Top non-repeatable levels by time:
     D:1: 455 daAuts
